 Dungeon Crawl Stone Soup version 0.19-a0-1852-gc11d922 (webtiles) character file.

82 Psiweapon the Slasher (level 4, -2/37 HPs)
             Began as a Minotaur Gladiator on Oct 11, 2016.
             Slain by Sigmund
             ... wielding a +0 scythe
              (3 damage)
             ... on level 2 of the Dungeon.
             The game lasted 00:03:50 (1581 turns).

Psiweapon the Slasher (Minotaur Gladiator)          Turns: 1581, Time: 00:03:50

Health: -2/37      AC:  6    Str: 20    XL:     4   Next: 21%
Magic:  3/3        EV: 12    Int:  5    God:
Gold:   148        SH:  0    Dex: 11    Spells: 0 memorised, 3 levels left

rFire  . . .     SeeInvis .     a - +0 long sword
rCold  . . .     Gourm    .     r - +1 ring mail {rN+}
rNeg   + . .     Faith    .     (no shield)
rPois  .         Spirit   .     c - +0 hat
rElec  .         Dismiss  .     (no cloak)
rCorr  .         Reflect  .     (no gloves)
MR     .....     Harm     .     (no boots)
Stlth  ..........               (no amulet)
                                (no ring)
                                (no ring)

@: confused
A: retaliatory headbutt, horns 2
a: no special abilities


You were on level 2 of the Dungeon.
You were not hungry.

You visited 1 branch of the dungeon, and saw 4 of its levels.

You collected 148 gold pieces.

Inventory:

Hand Weapons
 a - a +0 long sword (weapon)
 e - a +1 dagger of speed
 g - a +0 whip of electrocution
 m - a +0 long sword
Missiles
 d - 3 throwing nets (quivered)
 j - 17 bolts
Armour
 b - a +0 leather armour
 c - a +0 hat (worn)
 r - a +1 ring mail of positive energy (worn)
Scrolls
 h - 4 scrolls of identify {unknown}
 k - a scroll of random uselessness {unknown}
 l - a scroll of enchant armour {unknown}
 p - a scroll of remove curse {unknown}
 s - 2 scrolls of teleportation {unknown}
 u - a scroll of blinking {unknown}
Books
 o - a book of Maledictions

   Spells                             Type                      Level
   a - Corona                         Hexes                        1
   b - Ensorcelled Hibernation        Hexes/Ice                    2
   c - Confuse                        Hexes                        3
   d - Tukima's Dance                 Hexes                        3
   e - Dazzling Spray                 Conjuration/Hexes            3
Comestibles
 f - 3 bread rations
 q - 2 beef jerkies
 t - 3 chunks of flesh


   Skills:
 - Level 2.4 Fighting
 * Level 5.4 Long Blades
 - Level 2.0 Throwing
 + Level 4.1 Dodging


You had 3 spell levels left.
You didn't know any spells.

Dungeon Overview and Level Annotations

Branches:
Dungeon (4/15)
 Temple: D:4-7

Altars:
Okawaru
Qazlal

Annotations:
D:2 Sigmund


Innate Abilities, Weirdness & Mutations

You reflexively headbutt those who attack you in melee.
You have a pair of horns on your head.


Message History

Sigmund flickers and vanishes!
Deactivating autopickup; reactivate with Ctrl-A.
Something hits you!
* * * LOW HITPOINT WARNING * * *
You bump into the rock wall.
You closely miss something.
You feel less confused.
You hear some strange, mumbled words.
Something tries to affect you, but you resist.
You barely miss something. Something hits you but does no damage.
You barely miss something. You headbutt something.
You hear some strange, mumbled words.
You are confused.
You're too confused to move!
You hear some strange, mumbled words.
A magic dart appears from out of thin air!
The magic dart hits you!
* * * LOW HITPOINT WARNING * * *
You miss something. You headbutt something. Something hits you.
You die...

#.#............
#.#.##########. #.#.#
######. #.#.#.#
#......
#.....#####.#####
#####.#.....#......
#.....#.###.#......
#.#####.###.#.#####
#>@................
#{#####.###........
#g# #.# #######.. ...
#.. ........ ....
.... #######รท #.....
....########. #.....
'....+........
#......#....#########
#


You could see a hobgoblin.

Vanquished Creatures
  3 adders (D:2)
  A worm (D:2)
  2 dart slugs
  A leopard gecko (D:1)
  2 orcs (D:3)
  3 giant cockroaches
  8 goblins
  3 hobgoblins
  2 jackals (D:2)
  6 kobolds
  3 bats (D:1)
  3 frilled lizards
  6 rats
43 creatures vanquished.

Notes
Turn   | Place    | Note
-------+----------+-------------------------------------------
     0 | D:1      | Psiweapon the Minotaur Gladiator began the quest for the Orb.
     0 | D:1      | Reached XP level 1. HP: 18/18 MP: 0/0
   319 | D:1      | Reached skill level 4 in Long Blades
   319 | D:1      | Reached XP level 2. HP: 25/25 MP: 1/1
   653 | D:1      | Reached XP level 3. HP: 28/30 MP: 2/2
  1041 | D:4      | Found a stormy altar of Qazlal.
  1195 | D:2      | Reached skill level 5 in Long Blades
  1237 | D:2      | Reached XP level 4. HP: 30/37 MP: 3/3
  1309 | D:3      | Found an iron altar of Okawaru.
  1547 | D:2      | Noticed Sigmund
  1580 | D:2      | HP: 1/37 [something/magic dart (4)]
  1581 | D:2      | Slain by Sigmund

Vault maps used:
D:1:      dpeg_arrival_stonehenge_8_columns, minmay_tiny_reverse_x
D:2:      first_bread, uniq_sigmund
D:3:      okawaru_ov_weapons_minmay, elyvilon_altar_4
D:4:      old_standard_altar, nicolae_overflow_crystal_walls

Skill      XL: |  1  2  3 |
---------------+----------+-----
Long Blades    | 4 5 |  5.4
Dodging        | 4 |  4.1
Fighting       | |  2.4
Throwing       | |  2.0

Action                   |  1- 3 |  4- 6 || total
-------------------------+-------+-------++-------
Melee: Long sword        |    69 |    22 ||    91
       Headbutt          |     7 |     4 ||    11
  Use: Potion            |       |     2 ||     2
  Eat: Chunk             |     1 |     1 ||     2
Armor: Leather armour    |    17 |       ||    17
       Ring mail         |       |     4 ||     4
Dodge: Dodged            |    39 |    11 ||    50
       Rpst.: Long sword |    11 |     2 ||    13
